| TOP OF THE 1ST |
|
Nassau Black Sails batting - Pitching for Colon Scallywags : LHP David Wells
|
|
Pitching: LHP David Wells
|
|
|
Batting: RHB Randolph Ebersberger
|
0-0: Ball 1-0: Ball 2-0: Bunt missed! 2-1: Foul Ball, location: 2F 2-2: Foul Ball, location: 2F 2-2: SINGLE (Groundball, 56, EV 81.3 MPH) (infield hit)
|
|
Batting: RHB Heri Ramirez
|
0-0: Ball Wild Pitch! Randolph Ebersberger to second 1-0: Foul Ball, location: 2F 1-1: Ball 2-1: Ground out U3 (Groundball, 3S, EV 90.6 MPH) Randolph Ebersberger to third
|
|
Batting: RHB Cecil Fielder
|
0-0: Called Strike 0-1: Ball 1-1: Called Strike 1-2: Strikes out swinging
|
|
Batting: LHB Sam Horn
|
0-0: Ball 1-0: Swinging Strike 1-1: Called Strike 1-2: Foul Ball, location: 2F 1-2: SINGLE (Flyball, 8RS, EV 88.8 MPH) Randolph Ebersberger scores
|
|
Batting: RHB Danny Sheaffer
|
0-0: Called Strike 0-1: Ball 1-1: Swinging Strike 1-2: Fly out, F8 (Flyball, 8LM, EV 90.6 MPH)
|
| Top of the 1st over - 1 run, 2 hits, 0 errors, 1 left on base; Nassau 1 - Colon 0 |
| BOTTOM OF THE 1ST |
|
Colon Scallywags batting - Pitching for Nassau Black Sails : RHP Scott Garrelts
|
|
Pitching: RHP Scott Garrelts
|
|
|
Batting: RHB Phil Bradley
|
0-0: Foul Ball, location: 2F 0-1: Ball 1-1: Called Strike 1-2: Strikes out swinging
|
|
Batting: RHB Marty G Barrett
|
0-0: Ball 1-0: Ball 2-0: Ball 3-0: Base on Balls
|
|
Batting: SHB Willie McGee
|
0-0: Ball Marty G Barrett is caught stealing 2nd base 2-6 1-0: Fly out, F3 (Flyball, 3D, EV 86.9 MPH)
|
| Bottom of the 1st over - 0 runs, 0 hits, 0 errors, 0 left on base; Nassau 1 - Colon 0 |
| TOP OF THE 2ND |
|
Nassau Black Sails batting - Pitching for Colon Scallywags : LHP David Wells
|
|
Batting: LHB John Weller
|
0-0: Ball 1-0: Swinging Strike 1-1: Ball 2-1: Foul Ball, location: 2F 2-2: Foul Ball, location: 2F 2-2: Foul Ball, location: 2F 2-2: Foul Ball, location: 2F 2-2: Foul Ball, location: 2F 2-2: Ball 3-2: SINGLE (Groundball, 25, EV 68.1 MPH) (infield hit)
|
|
Batting: RHB Steve Springer
|
0-0: Ball 1-0: Ball 2-0: Ball 3-0: Called Strike 3-1: Foul Ball, location: 2F 3-2: Foul Ball, location: 2F 3-2: Foul Ball, location: 2F 3-2: Foul Ball, location: 2F 3-2: Foul Ball, location: 2F 3-2: Fly out, F9 (Flyball, 89M, EV 83.1 MPH)
|
|
Batting: LHB Jay Erdahl
|
0-0: Foul Ball, location: 2F 0-1: Foul Ball, location: 2F 0-2: Strikes out looking
|
|
Batting: RHB Joe Redfield
|
0-0: Ball 1-0: Ball 2-0: Called Strike 2-1: Called Strike 2-2: Fly out, F5 (Popup, 5S, EV 66.3 MPH)
|
| Top of the 2nd over - 0 runs, 1 hit, 0 errors, 1 left on base; Nassau 1 - Colon 0 |
| BOTTOM OF THE 2ND |
|
Colon Scallywags batting - Pitching for Nassau Black Sails : RHP Scott Garrelts
|
|
Batting: RHB Joe Carter
|
0-0: Ball 1-0: Fly out, F6 (Popup, 56, EV 76.3 MPH)
|
|
Batting: LHB Sid Bream
|
0-0: Called Strike 0-1: Swinging Strike 0-2: Fly out, F8 (Flyball, 8LXD, EV 99.4 MPH)
|
|
Batting: SHB Johnny Ray
|
0-0: Foul Ball, location: 2F 0-1: Ball 1-1: Fly out, F7 (Flyball, 7LS, EV 81.3 MPH)
|
| Bottom of the 2nd over - 0 runs, 0 hits, 0 errors, 0 left on base; Nassau 1 - Colon 0 |
| TOP OF THE 3RD |
|
Nassau Black Sails batting - Pitching for Colon Scallywags : LHP David Wells
|
|
Batting: RHB Randolph Ebersberger
|
0-0: Called Strike 0-1: Swinging Strike 0-2: Foul Ball, location: 2F 0-2: Ball 1-2: Strikes out swinging
|
|
Batting: RHB Heri Ramirez
|
0-0: Ball 1-0: Ball 2-0: Foul Ball, location: 2F 2-1: Foul Ball, location: 2F 2-2: Fly out, F7 (Flyball, 7D, EV 86.3 MPH)
|
|
Batting: RHB Cecil Fielder
|
0-0: Foul Ball, location: 2F 0-1: Called Strike 0-2: Foul Ball, location: 2F 0-2: Ball 1-2: Ball 2-2: Ball 3-2: Strikes out swinging
|
| Top of the 3rd over - 0 runs, 0 hits, 0 errors, 0 left on base; Nassau 1 - Colon 0 |
| BOTTOM OF THE 3RD |
|
Colon Scallywags batting - Pitching for Nassau Black Sails : RHP Scott Garrelts
|
|
Batting: SHB Jordan Ayala
|
0-0: Foul Ball, location: 2F 0-1: Foul Ball, location: 2F 0-2: Ball 1-2: Ball 2-2: Ball 3-2: Foul Ball, location: 2F 3-2: Base on Balls
|
|
Batting: RHB Edwin Agudelo
|
0-0: Ball 1-0: Ball 2-0: Called Strike 2-1: Ball 3-1: Swinging Strike 3-2: Base on Balls Jordan Ayala to second
|
|
Batting: RHB Alejandro Luna
|
0-0: Called Strike 0-1: Called Strike 0-2: Foul Ball, location: 2F 0-2: Ball 1-2: Strikes out swinging
|
|
Batting: RHB Phil Bradley
|
0-0: Ball Jordan Ayala steals 3rd base Edwin Agudelo to second 1-0: Called Strike 1-1: Ball 2-1: Swinging Strike 2-2: Strikes out swinging
|
|
Batting: RHB Marty G Barrett
|
0-0: Ball 1-0: Ball 2-0: Foul Ball, location: 2F 2-1: Ball 3-1: Base on Balls
|
|
Batting: SHB Willie McGee
|
0-0: Ground out 5-3 (Groundball, 56, EV 100.6 MPH)
|
| Bottom of the 3rd over - 0 runs, 0 hits, 0 errors, 3 left on base; Nassau 1 - Colon 0 |
| TOP OF THE 4TH |
|
Nassau Black Sails batting - Pitching for Colon Scallywags : LHP David Wells
|
|
Batting: LHB Sam Horn
|
0-0: Fly out, F9 (Flyball, 9S, EV 89.4 MPH)
|
|
Batting: RHB Danny Sheaffer
|
0-0: SINGLE (Groundball, 56D, EV 99.4 MPH)
|
|
Batting: LHB John Weller
|
0-0: Ball 1-0: Ball 2-0: Ball 3-0: Foul Ball, location: 2F 3-1: Called Strike 3-2: Base on Balls Danny Sheaffer to second
|
|
Batting: RHB Steve Springer
|
0-0: Swinging Strike 0-1: Fielders Choice at 2nd, 6-4 (Groundball, 6S, EV 93.1 MPH) Danny Sheaffer to third
|
|
Batting: LHB Jay Erdahl
|
0-0: Called Strike 0-1: Called Strike 0-2: Ball 1-2: SINGLE (Groundball, 6MD, EV 103.1 MPH) Danny Sheaffer scores Steve Springer to second Runner from 2nd tries for 3rd, SAFE, throw by CF made to third
|
|
Batting: RHB Joe Redfield
|
0-0: Ball 1-0: Called Strike 1-1: Ground out 4-3 (Groundball, 4, EV 105.0 MPH)
|
| Top of the 4th over - 1 run, 2 hits, 0 errors, 2 left on base; Nassau 2 - Colon 0 |
| BOTTOM OF THE 4TH |
|
Colon Scallywags batting - Pitching for Nassau Black Sails : RHP Scott Garrelts
|
|
Batting: RHB Joe Carter
|
0-0: Ball 1-0: Swinging Strike 1-1: Foul Ball, location: 2F 1-2: Ball 2-2: Foul Ball, location: 2F 2-2: Ball 3-2: Ground out 6-3 (Groundball, 6, EV 88.1 MPH)
|
|
Batting: LHB Sid Bream
|
0-0: Ground out U3 (Groundball, 3S, EV 85.6 MPH)
|
|
Batting: SHB Johnny Ray
|
0-0: Swinging Strike 0-1: Ball 1-1: Called Strike 1-2: Fly out, F6 (Popup, 6D, EV 56.3 MPH)
|
| Bottom of the 4th over - 0 runs, 0 hits, 0 errors, 0 left on base; Nassau 2 - Colon 0 |
| TOP OF THE 5TH |
|
Nassau Black Sails batting - Pitching for Colon Scallywags : LHP David Wells
|
|
Batting: RHB Randolph Ebersberger
|
0-0: Ground out U3 (Groundball, 3S, EV 80.0 MPH)
|
|
Batting: RHB Heri Ramirez
|
0-0: Foul Ball, location: 2F 0-1: Ball 1-1: SINGLE (Line Drive, 6MD, EV 96.3 MPH)
|
|
Batting: RHB Cecil Fielder
|
0-0: Ball Heri Ramirez steals 2nd base (no throw) 1-0: Called Strike 1-1: Ball 2-1: Ball 3-1: Base on Balls
|
|
Batting: LHB Sam Horn
|
0-0: Called Strike 0-1: Ball 1-1: Ball 2-1: Foul Ball, location: 2F 2-2: Foul Ball, location: 2F 2-2: Strikes out swinging
|
|
Pitching: RHP Mark Knudson
|
|
|
Batting: RHB Danny Sheaffer
|
0-0: Ball 1-0: Called Strike 1-1: Swinging Strike 1-2: Strikes out swinging
|
| Top of the 5th over - 0 runs, 1 hit, 0 errors, 2 left on base; Nassau 2 - Colon 0 |
| BOTTOM OF THE 5TH |
|
Colon Scallywags batting - Pitching for Nassau Black Sails : RHP Scott Garrelts
|
|
Batting: SHB Jordan Ayala
|
0-0: Foul Ball, location: 2F 0-1: Fly out, F8 (Flyball, 8RD, EV 97.5 MPH)
|
|
Batting: RHB Edwin Agudelo
|
0-0: Ball 1-0: Ball 2-0: Foul Ball, location: 2F 2-1: Hit by Pitch
|
|
Batting: RHB Alejandro Luna
|
0-0: Ball 1-0: Ball Wild Pitch! Edwin Agudelo to second 2-0: Ball 3-0: Base on Balls
|
|
Batting: RHB Phil Bradley
|
0-0: Ball 1-0: Ball 2-0: Swinging Strike 2-1: Ball 3-1: Base on Balls Edwin Agudelo to third Alejandro Luna to second
|
|
Batting: RHB Marty G Barrett
|
0-0: Called Strike 0-1: Ball 1-1: Fly out, F9 (Flyball, 89D, EV 88.1 MPH) Runner from 3rd tags up, SCORES, no throw by RF
|
|
Batting: SHB Willie McGee
|
0-0: Called Strike 0-1: Ball 1-1: Ball 2-1: Fielders Choice at 2nd, 6-4 (Groundball, 6, EV 88.1 MPH)
|
| Bottom of the 5th over - 1 run, 0 hits, 0 errors, 2 left on base; Nassau 2 - Colon 1 |
| TOP OF THE 6TH |
|
Nassau Black Sails batting - Pitching for Colon Scallywags : RHP Mark Knudson
|
|
Batting: LHB John Weller
|
0-0: Ball 1-0: Ball 2-0: Ball 3-0: Called Strike 3-1: Foul Ball, location: 2F 3-2: Foul Ball, location: 2F 3-2: Ground out U3 (Groundball, 3, EV 100.0 MPH)
|
|
Batting: RHB Steve Springer
|
0-0: Called Strike 0-1: Ball 1-1: Ball 2-1: Called Strike 2-2: Ground out 5-3 (Groundball, 56, EV 85.6 MPH)
|
|
Batting: LHB Jay Erdahl
|
0-0: Called Strike 0-1: Foul Ball, location: 2F 0-2: Strikes out swinging
|
| Top of the 6th over - 0 runs, 0 hits, 0 errors, 0 left on base; Nassau 2 - Colon 1 |
| BOTTOM OF THE 6TH |
|
Colon Scallywags batting - Pitching for Nassau Black Sails : RHP Scott Garrelts
|
|
Batting: RHB Joe Carter
|
0-0: Ball 1-0: Foul Ball, location: 2F 1-1: Foul Ball, location: 2F 1-2: Ball 2-2: Ball 3-2: Base on Balls
|
|
Batting: LHB Sid Bream
|
0-0: Ball 1-0: Ball 2-0: Fly out, F8 (Flyball, 8RXD, EV 106.9 MPH) Runner from 1st tags up, SAFE at 2nd
|
|
Batting: SHB Johnny Ray
|
0-0: Ball 1-0: Swinging Strike 1-1: Ball 2-1: Ball 3-1: Base on Balls
|
|
Batting: SHB Jordan Ayala
|
0-0: Ball 1-0: Called Strike 1-1: Fly out, F4 (Popup, 4S, EV 69.4 MPH)
|
|
Batting: RHB Edwin Agudelo
|
0-0: SINGLE (Groundball, 34D, EV 106.9 MPH) Joe Carter to third Johnny Ray to second Runner from 3rd tries for Home, SAFE, throw by RF to home
|
|
Batting: RHB Alejandro Luna
|
0-0: Ball 1-0: Ball 2-0: Ball 3-0: Base on Balls Johnny Ray to third Edwin Agudelo to second
|
|
Batting: RHB Phil Bradley
|
0-0: Foul Ball, location: 2F 0-1: DOUBLE (Line Drive, 89D, EV 105.0 MPH) Johnny Ray scores Edwin Agudelo scores Alejandro Luna to third Runner from 3rd tries for Home, SAFE, throw by RF to trailing runner, SAFE at third!
|
|
Pitching: LHP Alejandro Arboleda
|
|
|
Batting: RHB Marty G Barrett
|
0-0: Foul Ball, location: 2F 0-1: Foul Ball, location: 2F 0-2: Ball 1-2: Ball 2-2: Ball 3-2: Fly out, F3 (Line Drive, 3, EV 63.1 MPH)
|
| Bottom of the 6th over - 4 runs, 2 hits, 0 errors, 1 left on base; Nassau 2 - Colon 5 |
| TOP OF THE 7TH |
|
Nassau Black Sails batting - Pitching for Colon Scallywags : RHP Mark Knudson
|
|
Now at SS: Alex Zermeno
|
|
|
Batting: RHB Joe Redfield
|
0-0: Called Strike 0-1: Ball 1-1: Ball 2-1: Ball 3-1: Called Strike 3-2: Base on Balls
|
|
Batting: RHB Randolph Ebersberger
|
0-0: Ball 1-0: Fly out, F8 (Flyball, 8LD, EV 90.0 MPH)
|
|
Batting: RHB Heri Ramirez
|
0-0: Foul Ball, location: 2F 0-1: Fly out, F8 (Flyball, 8RM, EV 88.8 MPH)
|
|
Batting: RHB Cecil Fielder
|
0-0: Ground out 1-3 (Groundball, 15S, EV 63.8 MPH)
|
| Top of the 7th over - 0 runs, 0 hits, 0 errors, 1 left on base; Nassau 2 - Colon 5 |
| BOTTOM OF THE 7TH |
|
Colon Scallywags batting - Pitching for Nassau Black Sails : LHP Alejandro Arboleda
|
|
Batting: SHB Willie McGee
|
0-0: SINGLE (Flyball, 56D, EV 88.8 MPH)
|
|
Batting: RHB Joe Carter
|
0-0: Ball Willie McGee is caught stealing 2nd base 2-4 1-0: Called Strike 1-1: Foul Ball, location: 2F 1-2: Ball 2-2: SINGLE (Flyball, 8RS, EV 93.8 MPH)
|
|
Batting: LHB Sid Bream
|
0-0: Ball 1-0: Called Strike 1-1: Ball 2-1: Ball 3-1: Base on Balls Joe Carter to second
|
|
Batting: SHB Johnny Ray
|
0-0: Ball 1-0: Ball 2-0: Foul Ball, location: 2F 2-1: Called Strike 2-2: Ball 3-2: DOUBLE (Flyball, 9LD, EV 111.3 MPH) Joe Carter scores Sid Bream to third Runner from 3rd tries for Home, SAFE, throw by RF to trailing runner, SAFE at third!
|
|
Batting: SHB Jordan Ayala
|
0-0: Ball 1-0: Ball 2-0: Called Strike 2-1: Called Strike 2-2: Strikes out swinging
|
|
Batting: RHB Edwin Agudelo
|
0-0: Ball 1-0: Fly out, F9 (Flyball, 9LM, EV 98.1 MPH)
|
| Bottom of the 7th over - 2 runs, 3 hits, 0 errors, 1 left on base; Nassau 2 - Colon 7 |
| TOP OF THE 8TH |
|
Nassau Black Sails batting - Pitching for Colon Scallywags : RHP Mark Knudson
|
|
Batting: LHB Sam Horn
|
0-0: Ball 1-0: Ball 2-0: Called Strike 2-1: Ball 3-1: Foul Ball, location: 2F 3-2: Foul Ball, location: 2F 3-2: Ground out 3-1 (Groundball, 34, EV 88.1 MPH)
|
|
Batting: RHB Danny Sheaffer
|
0-0: SOLO HOME RUN (Line Drive, 7D, EV 106.9 MPH), Distance : 410 ft
|
|
Batting: LHB John Weller
|
0-0: Called Strike 0-1: Foul Ball, location: 2F 0-2: Foul Ball, location: 2F 0-2: Foul Ball, location: 2F 0-2: Ball 1-2: Ground out 4-3 (Groundball, 4, EV 84.4 MPH)
|
|
Batting: RHB Steve Springer
|
0-0: Called Strike 0-1: Foul Ball, location: 2F 0-2: Ball 1-2: Ball 2-2: Ball 3-2: Strikes out swinging
|
| Top of the 8th over - 1 run, 1 hit, 0 errors, 0 left on base; Nassau 3 - Colon 7 |
| BOTTOM OF THE 8TH |
|
Colon Scallywags batting - Pitching for Nassau Black Sails : LHP Alejandro Arboleda
|
|
Batting: RHB Alex Zermeno
|
0-0: Ball 1-0: Ball 2-0: Called Strike 2-1: Foul Ball, location: 2F 2-2: Foul Ball, location: 2F 2-2: Ball 3-2: Base on Balls
|
|
Batting: RHB Phil Bradley
|
0-0: Ball 1-0: Grounds into double play, 5-4-3 (Groundball, 56, EV 91.9 MPH)
|
|
Batting: RHB Marty G Barrett
|
0-0: Ball 1-0: Fly out, F7 (Flyball, 78M, EV 84.4 MPH)
|
| Bottom of the 8th over - 0 runs, 0 hits, 0 errors, 0 left on base; Nassau 3 - Colon 7 |
| TOP OF THE 9TH |
|
Nassau Black Sails batting - Pitching for Colon Scallywags : RHP Mark Knudson
|
|
Batting: LHB Jay Erdahl
|
0-0: Called Strike 0-1: Ball 1-1: Fly out, F7 (Flyball, 78XD, EV 82.5 MPH)
|
|
Batting: RHB Joe Redfield
|
0-0: Ball 1-0: Called Strike 1-1: Foul Ball, location: 2F 1-2: Reached on error, E3 (Groundball, 3, EV 86.9 MPH)
|
|
Batting: RHB Randolph Ebersberger
|
0-0: SINGLE (Groundball, 4MD, EV 102.5 MPH) Joe Redfield to second
|
|
Pitching: RHP Nelson Ortiz
|
|
|
Batting: RHB Heri Ramirez
|
0-0: Grounds into double play, 6-4-3 (Groundball, 6S, EV 85.6 MPH)
|
| Top of the 9th over - 0 runs, 1 hit, 1 error, 1 left on base; Nassau 3 - Colon 7 |
|